 Dungeon Crawl Stone Soup version 0.23.2-33-g5129a83184 (webtiles) character file.

Game seed: 6713513904197004971

497 teukkam the Covered (level 6, -7/57 HPs)
             Began as a Minotaur Fighter on July 13, 2019.
             Splashed by a jelly's acid (8 damage)
             ... on level 5 of the Dungeon.
             The game lasted 00:06:01 (1419 turns).

teukkam the Covered (Minotaur Fighter)              Turns: 1419, Time: 00:06:01

Health: -7/57      AC:  2    Str: 22    XL:     6   Next: 93%
Magic:  5/5        EV:  9    Int:  5    God:
Gold:   227        SH: 10    Dex: 10    Spells: 5/5 levels left

rFire    . . .     SeeInvis .   a - +0 war axe
rCold    . . .     Gourm    .   o - +0 shield
rNeg     . . .     Faith    .   m - +3 leather armour
rPois    .         Spirit   .   (helmet restricted)
rElec    .         Reflect  .   (no cloak)
rCorr    .         Harm     .   (no gloves)
MR       .....                  (no boots)
Stlth    +.........             g - amulet of rage
HPRegen  0.19/turn              (no ring)
MPRegen  0.09/turn              (no ring)

@: corroded, flying
A: retaliatory headbutt, horns 2
a: Evoke Berserk Rage


You were on level 5 of the Dungeon.
You were not hungry.

You visited 1 branch of the dungeon, and saw 6 of its levels.

You collected 227 gold pieces.

Inventory:

Hand Weapons
 a - a +0 war axe (weapon)
 b - a +0 hunting sling
 c - a +2 whip of electrocution
Missiles
 i - 76 stones (quivered)
 l - 25 poisoned needles
Armour
 m - a +3 leather armour (worn)
 o - a +0 shield (worn)
Jewellery
 g - an amulet of rage (around neck)
Scrolls
 e - a scroll of teleportation
 j - 2 scrolls of identify
 n - a scroll of remove curse
Potions
 d - a potion of heal wounds
 k - 2 potions of degeneration {unknown}
Comestibles
 f - 5 rations


   Skills:
 + Level 5.6 Fighting
 - Level 4.7(4.8) Axes
 + Level 1.2(3.2) Maces & Flails
 + Level 5.6 Armour
 + Level 5.6 Shields


You had 5 spell levels left.
You didn't know any spells.
Your spell library contained the following spells:

 Spells                   Type           Power        Failure   Level  Hunger
 Freeze                   Ice            #...         90%         1    ##.....
 Magic Dart               Conj           #...         90%         1    ##.....
 Blink                    Tloc           N/A          97%         2    ###....
 Call Imp                 Summ           #.......     97%         2    ###....
 Slow                     Hex            #.......     97%         2    ###....
 Throw Frost              Conj/Ice       #.....       97%         2    ###....
 Conjure Flame            Conj/Fire      #.......     99%         3    ####...
 Mephitic Cloud           Conj/Pois/Air  #.......     99%         3    ####...
 Ozocubu's Armour         Chrm/Ice       #.......     99%         3    ####...
 Summon Ice Beast         Ice/Summ       #.......     100%        4    #####..
 Throw Icicle             Conj/Ice       #.......     100%        4    #####..


Dungeon Overview and Level Annotations

Branches:
Dungeon (6/15)
 Temple: D:4-7

Altars:


Innate Abilities, Weirdness & Mutations

You reflexively headbutt those who attack you in melee.
You have a pair of horns on your head.


Message History

You hit the orc.
You block the bullfrog skeleton's attack.
The jelly hits you.
You are splashed with acid!
* * * LOW HITPOINT WARNING * * *
The orc priest hits you with a +0 trident.
* * * LOW HITPOINT WARNING * * *
You block the orc's attack. The bullfrog skeleton hits you.
* * * LOW HITPOINT WARNING * * *
The jelly barely misses you.
You slash the orc priest!
You kill the orc priest!
You hit the jelly.
Your hands burn!
* * * LOW HITPOINT WARNING * * *
You hit the bullfrog skeleton but do no damage.
You hit the orc but do no damage. You block the orc's attack.
The bullfrog skeleton closely misses you.
The jelly hits you.
* * * LOW HITPOINT WARNING * * *
You are splashed with acid!
You die...

..#
#....#####
###
#....'...# .+
... .
........###.#
.# .... #
####....# #.#
.#.....
#...^#
#.###.#.....
#....#
#.#......<..
......#
#.#.#.#.....
...###.#
#.#.J)......
... #..
#...@o.#...
#....Z.+
##.....# ..
#.....# .
####+## c . #
#


You could see a jelly, an orc and a bullfrog skeleton.

Vanquished Creatures
  A centaur (D:5)
  A big kobold (D:6)
  A crimson imp (D:4)
  An orc priest (D:5)
  A hound (D:5)
  Jessica (D:3)
  2 iguanas (D:5)
  3 worker ants
  A hound skeleton (D:5)
  4 gnolls (D:6)
  An adder (D:4)
  2 oozes
  A dart slug (D:3)
  2 worms
  A leopard gecko (D:1)
  An orc (D:5)
  4 giant cockroaches
  2 goblins
  3 hobgoblins
  2 jackals (D:4)
  7 kobolds
  2 quokkas
  2 bats (D:2)
  2 frilled lizards
  A leopard gecko skeleton (D:5)
  A quokka skeleton (D:4)
  A rat (D:2)
51 creatures vanquished.

Notes
Turn   | Place    | Note
-------+----------+-------------------------------------------
     0 | D:1      | teukkam the Minotaur Fighter began the quest for the Orb.
     0 | D:1      | Reached XP level 1. HP: 19/19 MP: 0/0
    50 | D:1      | Reached XP level 2. HP: 23/27 MP: 1/1
   383 | D:3      | Noticed Jessica
   392 | D:3      | Killed Jessica
   392 | D:3      | Reached XP level 3. HP: 29/33 MP: 2/2
   476 | D:4      | Reached XP level 4. HP: 36/41 MP: 3/3
   732 | D:4      | Reached XP level 5. HP: 43/47 MP: 4/4
   815 | D:5      | Entered Level 5 of the Dungeon
   918 | D:5      | Reached skill level 5 in Fighting
   918 | D:5      | Reached skill level 5 in Armour
   921 | D:5      | Reached skill level 5 in Shields
   946 | D:5      | Reached XP level 6. HP: 36/56 MP: 5/5
  1376 | D:5      | Reached skill level 1 in Maces & Flails
  1419 | D:5      | HP: 2/57 [acid (1)]
  1419 | D:5      | Splashed by a jelly's acid

Skill      XL: |  1  2  3  4  5  6 |
---------------+-------------------+-----
Armour         | 4 5 |  5.6
Fighting       | 4 5 |  5.6
Shields        | 4 5 |  5.6
Axes           | 3 4 |  4.7
Maces & Flails | 1 |  1.2

Action                   |  1- 3 |  4- 6 || total
-------------------------+-------+-------++-------
Melee: War axe           |    52 |    77 ||   129
       Headbutt          |     7 |    15 ||    22
 Fire: Hunting sling     |     2 |    20 ||    22
  Use: Potion            |     1 |     2 ||     3
       Scroll            |       |     3 ||     3
  Eat: Ration            |       |     1 ||     1
Armor: Scale mail        |    21 |       ||    21
       Leather armour    |     2 |    27 ||    29
Dodge: Dodged            |    13 |    26 ||    39
Block: Shield            |    25 |    53 ||    78
